 Dungeon Crawl Stone Soup version 0.19-a0-854-gc78d25d (webtiles) character file.

25 Implojin the Chopper (level 2, -3/26 HPs)
             Began as a Minotaur Fighter on July 1, 2016.
             Shot with an arrow by a centaur (9 damage)
             ... on level 4 of the Dungeon.
             The game lasted 00:00:54 (165 turns).

Implojin the Chopper (Minotaur Fighter)              Turns: 165, Time: 00:00:54

Health: -3/26      AC:  6    Str: 25    XL:     2   Next: 82%
Magic:  1/1        EV:  7    Int:  5    God:
Gold:   0          SH:  9    Dex:  9    Spells: 0 memorised, 1 level left

rFire  . . .     SeeInvis .     a - +0 war axe
rCold  . . .     Gourm    .     b - +0 scale mail
rNeg   . . .     Faith    .     c - +0 shield
rPois  .         Spirit   .     (helmet restricted)
rElec  .         Dismiss  .     (no cloak)
rCorr  .         Reflect  .     (no gloves)
SustAt .         Harm     .     (no boots)
MR     .....                    (no amulet)
Stlth  ..........               (no ring)
                                (no ring)

@: mighty, not resistant to hostile enchantments, extremely unstealthy
A: retaliatory headbutt, horns 2
a: no special abilities


You were on level 4 of the Dungeon.
You were not hungry.

You visited 1 branch of the dungeon, and saw 4 of its levels.

Inventory:

Hand Weapons
 a - a +0 war axe (weapon)
Armour
 b - a +0 scale mail (worn)
 c - a +0 shield (worn)
Scrolls
 e - 2 scrolls of identify {unknown}
Comestibles
 f - 2 bread rations


   Skills:
 - Level 3.6 Fighting
 * Level 4.1 Axes
 - Level 3.6 Armour
 - Level 3.6 Shields


You had one spell level left.
You didn't know any spells.

Dungeon Overview and Level Annotations

Branches:
Dungeon (4/15)
 Temple: D:4-7

Altars:

Annotations:
D:4 Sigmund


Innate Abilities, Weirdness & Mutations

You reflexively headbutt those who attack you in melee.
You have a pair of horns on your head.


Message History

There is a stone staircase leading down here.
You climb downwards.
There is a stone staircase leading up here.
Unknown command.
Implojin's ghost (weakling Minotaur Fighter) comes into view.
Implojin's ghost turns its malevolent gaze towards you.
Implojin's ghost says, "Death is your only future!"
Found a bread ration.
You feel very mighty all of a sudden. Implojin's ghost closely misses you.
Unknown command.
You closely miss Implojin's ghost. You headbutt Implojin's ghost!
Implojin's ghost is heavily damaged.
Implojin's ghost hits you!
Ouch! That really hurt!
* * * LOW HITPOINT WARNING * * *
You closely miss Implojin's ghost. Your headbutt misses Implojin's ghost.
Implojin's ghost is heavily damaged.
Implojin's ghost hits you.
* * * LOW HITPOINT WARNING * * *
Implojin's ghost barely misses you.
Unknown command.
You slash Implojin's ghost! You headbutt Implojin's ghost.
You destroy Implojin's ghost!
Your Axes skill increases to level 4!
Unknown command.
f - 2 bread rations (gained 1) Sigmund the Dreaded comes into view.
He is wielding a scythe.
Sigmund shouts!
Sigmund drinks a potion.
Sigmund suddenly seems more agile.
An orc and a centaur come into view.
The orc shouts!
The centaur shouts!
The centaur wields a shortbow.
The centaur shoots an arrow.
You block the arrow. You block Sigmund's attack.
You see here an arrow.
You miss Sigmund.
The centaur shoots an arrow.
The arrow barely misses you. You block Sigmund's attack.
Your shield prevents you from hitting Sigmund.
Your headbutt misses Sigmund.
The centaur shoots an arrow.
The arrow hits you!
You die...

#### #####
#.. # ...#
#.# ## #.
#.###.#
....#.#
#.....##
.......##
#......#
#.###......#
##@##.###..#
#.@...# #..#
#.c######
#..# #..
#..# #o
#..## ..
#.#<# .#
#.###..# #.
#. ### ..


You could see Sigmund, a centaur and an orc.

Vanquished Creatures
  The ghost of Implojin the Shield-Bearer, a weakling MiFi (D:4)
  2 goblins (D:1)
  A hobgoblin (D:3)
  A quokka (D:2)
  A bat (D:3)
  2 kobolds
  A rat (D:1)
9 creatures vanquished.

Notes
Turn   | Place    | Note
-------+----------+-------------------------------------------
     0 | D:1      | Implojin the Minotaur Fighter began the quest for the Orb.
     0 | D:1      | Reached XP level 1. HP: 19/19 MP: 0/0
   119 | D:2      | Reached skill level 3 in Axes
   127 | D:3      | Reached XP level 2. HP: 19/26 MP: 1/1
   142 | D:4      | Noticed Implojin's ghost (weakling MiFi)
   149 | D:4      | Killed Implojin's ghost
   149 | D:4      | Reached skill level 4 in Axes
   157 | D:4      | Noticed Sigmund
   163 | D:4      | Noticed a centaur
   165 | D:4      | Shot with an arrow by a centaur

Vault maps used:
D:1:      lightli_molten_gateway
D:4:      first_bread, serial_shops, nicolae_shop_behind_doors, uniq_sigmund

Skill      XL: |  1  2 |
---------------+-------+-----
Axes           | 3 4 |  4.1
Fighting       | |  3.6
Armour         | |  3.6
Shields        | |  3.6

Action                   || total
-------------------------++-------
Melee: War axe           ||    25
       Headbutt          ||     5
  Use: Potion            ||     1
Armor: Scale mail        ||    18
Dodge: Dodged            ||     8
Block: Shield            ||    21

Table legend:
 A = Turns spent in this place as a percentage of turns spent in the entire game.
 B = Non-inter-level travel turns spent in this place as a percentage of non-inter-level travel turns spent in the entire game.
 C = Inter-level travel turns spent in this place as a percentage of turns spent in this place.
 D = Turns resting spent in this place as a percentage of non-inter-level travel turns spent in this place.
 E = Turns spent auto-exploring this place as a percentage of non-inter-level travel turns spent in this place.
 F = Non-inter-level travel turns spent in this place divided by the number of levels of this place that you've seen.
                   A       B       C       D       E      F
               +-------+-------+-------+-------+-------+----------------------
         Total | 100.0 | 100.0 |   0.0 |   0.0 |   0.0 |  42.0
       Dungeon | 100.0 | 100.0 |   0.0 |   0.0 |   0.0 |  42.0
               +-------+-------+-------+-------+-------+----------------------

Table legend:
 A = Kills in this place as a percentage of kills in entire the game.
 B = Kills by you in this place as a percentage of kills by you in the entire game.
 C = Kills by friends in this place as a percentage of kills by friends in the entire game.
 D = Other kills in this place as a percentage of other kills in the entire game.
 E = Experience gained in this place as a percentage of experience gained in the entire game.
 F = Experience gained in this place divided by the number of levels of this place that you have seen.
                   A       B       C       D       E      F
               +-------+-------+-------+-------+-------+----------------------
         Total | 100.0 | 100.0 |  -nan |  -nan | 100.0 |   9.0
       Dungeon | 100.0 | 100.0 |  -nan |  -nan | 100.0 |   9.0
               +-------+-------+-------+-------+-------+----------------------
